 Dungeon Crawl Stone Soup version 0.28.0 (webtiles) character file.

Game seed: 8634541811102845481

12 Lambsauce the Covered (level 2, -14/19 HPs)
             Began as a Gargoyle Fighter on Feb 15, 2022.
             Demolished by a polar bear (20 damage)
             ... created by the rage of Trog
             ... on level 1 of the Dungeon.
             The game lasted 00:02:41 (679 turns).

Lambsauce the Covered (Gargoyle Fighter)             Turns: 679, Time: 00:02:42

Health: -14/19     AC:  9    Str: 16 (19) XL:     2   Next: 33%
Magic:  2/2        EV:  8    Int:  8      God:
Gold:   20         SH:  4    Dex:  9      Spells: 1/1 levels left

rFire   . . .      SeeInvis .   a - +0 long sword
rCold   . . .      Faith    .   c - +0 buckler
rNeg    + . .      Spirit   .   b - +0 scale mail
rPois   ∞          Reflect  .   (no helmet)
rElec   +          Harm     .   (no cloak)
rCorr   .          Rampage  .   (no gloves)
Will    .....                   (no boots)
Stlth   ..........              (no amulet)
HPRegen 0.06/turn               (no ring)
MPRegen 0.08/turn               (no ring)

@: mighty, slowed, very slow
A: sickness immunity, AC +2, negative energy resistance 1, electricity
resistance, torment resistance 1, petrification resistance
a: no special abilities


You were on level 1 of the Dungeon.
You visited 1 branch of the dungeon, and saw 2 of its levels.

You collected 20 gold pieces.

Inventory:

Hand Weapons
 a - a +0 long sword (weapon)
Missiles
 e - 8 sling bullets
Armour
 b - a +0 scale mail (worn)
 c - a +0 buckler (worn)
Potions
 d - a potion of might
 f - a potion of lignification {unknown}


   Skills:
 + Level 3.5 Fighting
 + Level 1.8 Long Blades
 + Level 3.7 Armour
 + Level 3.3 Shields


You had one spell level left.
You didn't know any spells.
Your spell library was empty.

Dungeon Overview and Level Annotations

Branches:
Dungeon (2/15)

Altars:
Trog

Shops:
D:1 *


Innate Abilities, Weirdness & Mutations

You are immune to sickness and miasma.
Your stone body is resilient. (AC +2)
You are immune to poison.
You resist negative energy. (rN+)
You are resistant to electric shocks. (rElec)
You are resistant to unholy torment.
You are immune to petrification.


Message History

There is an open door here.
There is an entrance to Fonywaaj's Assorted Antiques here.
Trog's voice booms out, "Feel my wrath!"
You feel weakened.
You open the door.
There is an open door here.
There is an open door here.
You open the door.
There is an open door here.
Trog's voice booms out, "Feel my wrath!"
You suddenly feel lethargic!
You feel yourself slow down.
The divine experience drains your vigour!
You already are as slow as you could be.
There is an open door here.
You open the door.
There is an open door here.
Trog sends monsters to punish you.
The divine experience drains your vigour!
You feel as though you will be slow longer.
A polar bear and 2 black bears come into view.
You feel very mighty all of a sudden. You block the black bear's attack.
The black bear claws you.
The black bear claws you but does no damage.
You block the black bear's attack.
The black bear claws you but does no damage. x2
You hear a shout!
You slash the black bear!
The black bear is moderately wounded.
You block the black bear's attack. The black bear barely misses you.
The black bear claws you but does no damage.
The black bear bites you but does no damage.
The black bear closely misses you.
The black bear claws you but does no damage.
You block the polar bear's attack. The polar bear barely misses you.
The polar bear claws you.
The black bear bites you but does no damage.
The black bear claws you. x2; The polar bear bites you!!
Ouch! That really hurt!
You die...

#############
............#
#########'#.# # #≈#.#.#
# #####.##### #
#.'..∩..'.# # #
#.###.###.####.# #
#...#.#≈..hh@h.# #
#.###'#..####### # #.#
#.#.#######.#
#####.###..........# #.#
..................###...
##.......†..†#####.#.#.#
#.##..........# #...#.##
#.########.##.# #......
#.# ........# #..#.# #


You could see a polar bear (berserk) and 2 black bears.

Vanquished Creatures
  A dart slug (D:1)
  2 ball pythons (D:1)
  A bat (D:1)
  An endoplasm (D:1)
  2 hobgoblins (D:1)
  A quokka (D:1)
8 creatures vanquished.

Notes
Turn   | Place    | Note
-------+----------+-------------------------------------------
     0 | D:1      | Lambsauce the Gargoyle Fighter began the quest for the Orb.
     0 | D:1      | Reached XP level 1. HP: 14/14 MP: 1/1
   389 | D:1      | Found a faded altar of an unknown god.
   392 | D:1      | Prayed at the altar of an unknown god.
   392 | D:1      | Became a worshipper of Trog the Wrathful
   392 | D:1      | Reached * piety under Trog
   414 | D:1      | Fell from the grace of Trog
   454 | D:1      | Reached XP level 2. HP: 15/19 MP: 2/2
   489 | D:1      | You fall into a shaft and drop 1 floor!
   590 | D:1      | Found Fonywaaj's Assorted Antiques.
   677 | D:1      | Noticed a black bear
   677 | D:1      | Noticed a polar bear
   677 | D:1      | Noticed a black bear
   679 | D:1      | Demolished by a polar bear

Illustrated notes

Levels and vault maps discovered:
D:1:      shiori_shiawase, layout_loops_ring, serial_shops,
          nicolae_shop_hallway_plus, shapermc_ecumenical_altar_mp_vishouse
D:2:      layout_loops_corners

Action                   || total
-------------------------++-------
Melee: Long sword        ||    31
Invok: Renounce Religion ||     1
  Use: Scroll            ||     1
       Potion            ||     1
Armor: Scale mail        ||    19
Dodge: Dodged            ||    16
Block: Buckler           ||     8
